 Dungeon Crawl Stone Soup version 0.31-a0-210-gccc998df9b (webtiles) character file.

Game seed: 6345757186853198317

61 qw the Shooter (level 3, -1/29 HPs)
             Began as a Minotaur Hexslinger on June 30, 2023.
             Slain by a gnoll
             ... wielding a +0 spear
              (4 damage)
             ... on level 2 of the Dungeon.
             The game lasted 00:00:22 (801 turns).

qw the Shooter (Minotaur Hexslinger)                 Turns: 801, Time: 00:00:23

Health: -1/29      AC:  1    Str: 12    XL:     3   Next: 83%
Magic:  3/3        EV: 12    Int: 10    God:
Gold:   39         SH:  0    Dex: 14    Spells: 3/4 levels left

rFire   . . .        Y - +1 sling
rCold   . . .        (no shield)
rNeg    . . .        g - +0 leather armour
rPois   .            (helmet restricted)
rElec   .            (no cloak)
rCorr   .            (no gloves)
SInv    .            (no boots)
Will    .....        (no amulet)
Stlth   +            (no ring)
HPRegen 0.24/turn    (no ring)
MPRegen 0.08/turn

%: no passive effects
@: no status effects
A: horns 2, retaliatory headbutt, deformed body, sense surroundings 1,
MP-powered wands, sturdy frame 1
a: no special abilities


You were on level 2 of the Dungeon.
You visited 1 branch of the dungeon, and saw 2 of its levels.

You collected 39 gold pieces.


Innate Abilities, Weirdness & Mutations

You have a pair of horns on your head.
You reflexively headbutt those who attack you in melee.
Armour fits poorly on your strangely shaped body.
You passively map a small area around you.
You expend magic power (3 MP) to strengthen your wands.
Your movements are slightly less encumbered by armour. (ER -2)


   Skills:
 - Level 2.0 Fighting
 + Level 4.4 Ranged Weapons
 - Level 2.1 Dodging
 - Level 1.0 Spellcasting
 - Level 2.0 Hexes


You had 3 spell levels left.
You knew the following spells:

 Your Spells              Type           Power      Damage    Failure   Level
a - Slow                  Hex            16%        N/A       16%         1

Your spell library contained the following spells:

 Spells                   Type           Power      Damage    Failure   Level
 Inner Flame              Hex/Fire       2%         N/A       56%         3
 Portal Projectile        Hex/Tloc       4%         N/A       56%         3
 Cause Fear               Hex            2%         N/A       83%         4

Inventory:

Hand Weapons
 Y - a +1 sling (weapon)
Armour
 g - a +0 leather armour (worn)
Scrolls
 a - a scroll of identify
Potions
 d - a potion of mutation
 e - a potion of enlightenment {unknown}
 f - a potion of attraction {unknown}

Dungeon Overview and Level Annotations

Branches:
Dungeon (2/15)

Altars:


Message History

The goblin is severely wounded.
You shoot a sling bullet. The sling bullet hits the goblin.
You kill the goblin!
Found a stone staircase leading up.
There is a stone staircase leading up here.
You now have 39 gold pieces (gained 12).
Found a trident.
You see here a +0 trident. 2 gnolls come into view.
The gnoll shouts! x2
You shoot a sling bullet. The sling bullet hits the gnoll.
The gnoll is moderately wounded.
A gnoll comes into view. It is wielding a +0 halberd.
794 ||| Stepping ~*~*~tactically~*~*~ (outnumbered).
You shoot a sling bullet. The sling bullet hits the gnoll.
The gnoll is severely wounded.
The gnoll hits you from afar with a +0 spear.
You shoot a sling bullet.
The sling bullet closely misses the gnoll.
The gnoll hits you from afar with a +0 spear.
You shoot a sling bullet.
The sling bullet barely misses the gnoll.
The gnoll hits you from afar with a +0 spear.
You shoot a sling bullet.
The sling bullet barely misses the gnoll.
The sling bullet hits the gnoll.
The gnoll is lightly wounded.
The gnoll hits you from afar with a +0 spear!
The gnoll hits you from afar with a +0 spear.
The gnoll closely misses you.
You shoot a sling bullet. The sling bullet hits the gnoll.
The gnoll is almost dead.
The gnoll closely misses you. The gnoll barely misses you.
You shoot a sling bullet. The sling bullet hits the gnoll!
You kill the gnoll!
The gnoll hits you from afar with a +0 spear.
You shoot a sling bullet. The sling bullet hits the gnoll.
The gnoll is heavily wounded.
The gnoll hits you from afar with a +0 spear.
You die...

#.# * #.# **. *
#.#* ##.,, ,, #.#
... #.##.###. ,,,
#.......g * ,
#g)...... *#.#*>
* * *#@#*, ,, *
#.#* # *, *, #.#
.# * , ,
#.######..# * *
#...).....#
#####.###.# ,
*,########...##.#
, ,
,..............+
, ,
..######...#### ,


You could see a gnoll.

Vanquished Creatures
  2 gnolls
  3 dart slugs (D:1)
  2 ball pythons (D:1)
  2 bats (D:1)
  2 endoplasms (D:1)
  A giant cockroach (D:1)
  2 hobgoblins (D:1)
  5 jackals (D:1)
  A kobold (D:1)
  3 quokkas (D:1)
  6 goblins
  2 rats (D:1)
31 creatures vanquished.

Notes
Turn   | Place    | Note
-------+----------+-------------------------------------------
     0 | D:1      | qw the Minotaur Hexslinger began the quest for the Orb.
     0 | D:1      | Reached XP level 1. HP: 16/16 MP: 1/1
     0 | D:1      | 0 ||| qw: Version: 0.3-a-26-gee661ec
     0 | D:1      | 0 ||| qw: Game counter: 7250
     0 | D:1      | 0 ||| qw: Melee chars always use a shield: true
     0 | D:1      | 0 ||| qw: God list: Okawaru
     0 | D:1      | 0 ||| qw: Allow faded altars: false
     0 | D:1      | 0 ||| qw: Do Orc after clearing Dungeon:15 true
     0 | D:1      | 0 ||| qw: Do second Lair branch before Depths: true
     0 | D:1      | 0 ||| qw: Lair rune preference: random
     0 | D:1      | 0 ||| qw: Goals: Normal
     0 | D:1      | 0 ||| PLANNING D:1-11
    33 | D:1      | Reached skill level 3 in Ranged Weapons
    33 | D:1      | Reached XP level 2. HP: 8/23 MP: 2/2
    33 | D:1      | HP: 4/23 [quokka (4)]
   288 | D:1      | Reached XP level 3. HP: 27/29 MP: 3/3
   478 | D:1      | Reached skill level 4 in Ranged Weapons
   711 | D:1      | 711 ||| UPGRADING to +0 leather armour.
   721 | D:1      | 721 ||| DROPPING +0 robe.
   722 | D:1      | 722 ||| READING 2 scrolls labelled BARIANT DABU.
   723 | D:1      | 723 ||| READING scroll labelled NELEAM NISICS.
   724 | D:1      | 724 ||| DRINKING 2 puce potions.
   724 | D:1      | Gained mutation: Your movements are slightly less
                  | encumbered by armour. (ER -2) [potion of mutation]
   724 | D:1      | Gained mutation: Armour fits poorly on your strangely
                  | shaped body. [potion of mutation]
   724 | D:1      | Gained mutation: You passively map a small area around you.
                  | [potion of mutation]
   724 | D:1      | Gained mutation: You expend magic power (3 MP) to
                  | strengthen your wands. [potion of mutation]
   725 | D:1      | 725 ||| DROPPING scroll of poison.
   794 | D:2      | 794 ||| Stepping ~*~*~tactically~*~*~ (outnumbered).
   798 | D:2      | HP: 7/29 [gnoll/+0 spear (4)]
   800 | D:2      | HP: 3/29 [gnoll/+0 spear (5)]
   801 | D:2      | Slain by a gnoll

Levels and vault maps discovered:
D:1:      dpeg_arrival_simpleton_b, layout_basic
D:2:      layout_loops_corners, basic_altar

Skill      XL: |  1  2  3 |
---------------+----------+-----
Ranged Weapons | 3 4 |  4.4
Fighting       | 2 |  2.0
Dodging        | |  2.1
Spellcasting   | |  1.0
Hexes          | |  2.0

Action                     || total
---------------------------++-------
   Fire: Sling             ||   103
    Use: Scroll            ||     2
         Potion            ||     1
 Armour: Robe              ||    12
  Dodge: Dodged            ||    31

Table legend:
 A = Non-vault XP
 B = Vault XP
 C = Vault XP percentage of total XP
 D = Non-vault monster count
 E = Vault monster count
 F = Vault count percentage of total count
                 A         B        C        D         E       F
            +---------+---------+-------+---------+---------+-------
      Total |      88 |       0 |   0.0 |      31 |       0 |   0.0
            +---------+---------+-------+---------+---------+-------
        D:1 |      72 |       0 |   0.0 |      29 |       0 |   0.0
        D:2 |      16 |       0 |   0.0 |       2 |       0 |   0.0
            +---------+---------+-------+---------+---------+-------
